 Dungeon Crawl Stone Soup version 0.31-a0-986-g5e6e4ef867 (webtiles) character file.

Game seed: 903319388495123992

163 gelatine the Trooper (level 5, 0/41 HPs)
             Began as a Demonspawn Fighter on Nov 21, 2023.
             Slain by an adder (4 damage)
             ... on level 4 of the Dungeon.
             The game lasted 00:06:39 (2203 turns).

gelatine the Trooper (Demonspawn Fighter)           Turns: 2203, Time: 00:06:40

Health: 0/41       AC:  4    Str: 19    XL:     5   Next: 20%
Magic:  6/6        EV:  9    Int:  9    God:
Gold:   156        SH:  4    Dex: 12    Spells: 6/6 levels left

rFire   . . .        a - +0 war axe
rCold   . . .        c - +0 buckler
rNeg    . . .        b - +0 scale mail
rPois   .            (no helmet)
rElec   .            (no cloak)
rCorr   .            k - +0 pair of gloves
SInv    .            (no boots)
Will    .....        (no amulet) Stlth
                     (no ring)
HPRegen 0.26/turn    (no ring)
MPRegen 0.10/turn

%: no passive effects
@: corroded
A: ignite blood 1
a: no special abilities


You were on level 4 of the Dungeon.
You visited 1 branch of the dungeon, and saw 4 of its levels.

You collected 156 gold pieces.

Inventory:

Hand Weapons
 a - a +0 war axe (weapon)
Armour
 b - a +0 scale mail (worn)
 c - a +0 buckler (worn)
 h - a +3 plate armour
 k - a +0 pair of gloves (worn)
Magical Staves
 i - a staff of fire
Wands
 t - a wand of digging (7)
Scrolls
 e - a scroll of blinking {unknown}
 f - a scroll of amnesia {unknown}
 g - 2 scrolls of identify {unknown}
 j - a scroll of immolation {unknown}
 l - 2 scrolls of enchant armour {unknown}
 m - a scroll of fear {unknown}
 q - a scroll of teleportation {unknown}
 r - a scroll of vulnerability {unknown}
 s - a scroll of revelation {unknown}
Potions
 d - a potion of might
 n - a potion of ambrosia {unknown}
 o - a potion of heal wounds {unknown}
 p - 3 potions of berserk rage {unknown}


   Skills:
 * Level 3.4 Fighting
 * Level 3.1 Axes
 * Level 3.3 Armour
 * Level 1.2 Dodging
 + Level 0.1 Stealth
 * Level 3.1 Shields
 * Level 1.0 Spellcasting
 * Level 0.1 Evocations


You had 6 spell levels left.
You didn't know any spells.
Your spell library contained the following spells:

 Spells                   Type           Power      Damage    Failure   Level
 Sandblast                Erth           0%         2d4       80%         1
 Ensorcelled Hibernation  Hex/Ice        0%         N/A       90%         2
 Passwall                 Tmut/Erth      0%         N/A       90%         2
 Scorch                   Fire           0%         2d5       90%         2
 Frozen Ramparts          Ice            0%         1d1       99%         3
 Stone Arrow              Conj/Erth      0%         3d7       99%         3
 Swiftness                Air            0%         N/A       99%         3
 Brom's Barrelling Bould  Conj/Erth      0%         2d3       100%        4
 Flame Wave               Conj/Fire      0%         2d4       100%        4
 Petrify                  Tmut/Erth      0%         N/A       100%        4
 Metabolic Englaciation   Hex/Ice        0%         N/A       100%        5
 Summon Cactus Giant      Summ           0%         N/A       100%        6


Dungeon Overview and Level Annotations

Branches:
Dungeon (4/15)
 Temple: D:4-7

Altars:
Trog


Innate Abilities, Weirdness & Mutations

Your demonic aura sometimes causes spilled blood to erupt in flames.


Message History

The ufetubus hits you. The ufetubus misses you.
Unknown command.
You closely miss the ufetubus. You barely miss the adder.
You miss the ufetubus.
The ufetubus hits you but does no damage. x2
You block the adder's attack.
The ufetubus hits you but does no damage.
The ufetubus hits you.
The ufetubus hits you but does no damage.
The ufetubus closely misses you.
The ufetubus hits you but does no damage.
The ufetubus closely misses you. The adder closely misses you.
You closely miss the ufetubus. You hit the adder. You barely miss the ufetubus.
You hit the jelly. The acid corrodes you!
Your hands burn!
You block the ufetubus's attack.
The ufetubus hits you but does no damage. x2
The ufetubus hits you. The adder closely misses you. The ufetubus hits you. x2
The ufetubus hits you but does no damage.
You block the ufetubus's attack. The adder bites you but does no damage.
The jelly barely misses you. The ufetubus closely misses you. x2
You block the ufetubus's attack. The ufetubus hits you.
You barely miss the ufetubus. You hit the adder.
You hit the ufetubus but do no damage. You hit the jelly.
Your hands burn!
* * * LOW HITPOINT WARNING * * *
The adder bites you.
* * * LOW HITPOINT WARNING * * *
The jelly hits you but does no damage. You block the ufetubus's attack.
The ufetubus hits you but does no damage.
The ufetubus misses you. The ufetubus barely misses you.
The adder closely misses you.
The ufetubus hits you but does no damage.
You block the ufetubus's attack. The jelly hits you but does no damage.
The ufetubus hits you.
* * * LOW HITPOINT WARNING * * *
The ufetubus hits you.
* * * LOW HITPOINT WARNING * * *
Unknown command.
You block the adder's attack. The adder bites you.
You die...

# #.......# .# .
.##.......# #.#.#
..#...>...# .....#
#..........# #.<..#
#.#........###...#
...........#.@.#
..........#S###.#.
.#.......5J......#
.#.......#b......#
#..##...###.......#
#.#...## #.###.#.#
#...#.####.#. .# #
#..##.#...... #
####.###...##.#


You could see a jelly, an adder and an ufetubus.

Vanquished Creatures
  A hound (D:4)
  An orc wizard (D:3)
  4 adders
  2 dart slugs
  4 orcs (D:3)
  6 ball pythons
  5 bats
  4 endoplasms
  A giant cockroach (D:2)
  3 goblins
  10 hobgoblins
  3 jackals (D:1)
  2 quokkas (D:3)
  8 frilled lizards
  7 kobolds
  4 rats
  A spectral kobold (D:1)
66 creatures vanquished.

Notes
Turn   | Place    | Note
-------+----------+-------------------------------------------
     0 | D:1      | gelatine the Demonspawn Fighter began the quest for the
                  | Orb.
     0 | D:1      | Reached XP level 1. HP: 18/18 MP: 1/1
   111 | D:1      | Gained mutation: Your demonic aura sometimes causes spilled
                  | blood to erupt in flames. [demonic ancestry]
   111 | D:1      | Reached XP level 2. HP: 24/24 MP: 2/2
   436 | D:1      | Found a faded altar of an unknown god.
   639 | D:2      | Reached XP level 3. HP: 27/29 MP: 3/3
   966 | D:2      | Found a bloodstained altar of Trog.
  1427 | D:3      | Reached XP level 4. HP: 35/35 MP: 5/5
  1561 | D:3      | Reached skill level 1 in Dodging
  1824 | D:3      | Reached skill level 1 in Spellcasting
  2174 | D:4      | Reached XP level 5. HP: 41/41 MP: 6/6
  2203 | D:4      | Slain by an adder

Illustrated notes

Levels and vault maps discovered:
D:1:      ncdulo_smallfort, layout_rooms,
          dreamdust_ecumenical_altar_drowned_temple
D:2:      layout_basic, basic_altar, minmay_split_cup_large
D:3:      layout_loops_ring
D:4:      layout_rooms, minmay_temple_entry_butterflies, uniq_sigmund,
          uniq_grinder

Skill      XL: |  1  2  3  4 |
---------------+-------------+-----
Axes           | 2 3 |  3.1
Armour         | 3 |  3.3
Shields        | 3 |  3.1
Dodging        | 1 |  1.2
Spellcasting   | 1 |  1.0
Fighting       | |  3.4
Stealth        | |  0.1
Evocations     | |  0.1

Action                     |  1- 3 |  4- 6 || total
---------------------------+-------+-------++-------
  Melee: War axe           |   122 |    78 ||   200
    Use: Potion            |     2 |       ||     2
 Armour: Scale mail        |   104 |   101 ||   205
         Skin              |     1 |       ||     1
  Dodge: Dodged            |    56 |    62 ||   118
  Block: Buckler           |    36 |    33 ||    69

Table legend: (Time is in decaauts)
 A = Elapsed time spent in this place.
 B = Non-inter-level travel time spent in this place.
 C = Inter-level travel time spent in this place.
 D = Time resting spent in this place.
 E = Time spent auto-exploring this place.
 F = Levels seen in this place.
 G = Mean time per level.
                   A        B        C        D        E       F      G
               +--------+--------+--------+--------+--------+-----+--------+
         Total |   2291 |   2219 |     72 |      0 |   1588 |   4 |  572.8 |
       Dungeon |   2291 |   2219 |     72 |      0 |   1588 |   4 |  572.8 |
               +--------+--------+--------+--------+--------+-----+--------+

Top non-repeatable levels by time:
     D:2: 864 daAuts
     D:3: 735 daAuts
     D:1: 615 daAuts
     D:4: 75 daAuts
